[Event "Team 45 45 League T31"]
[Site "Internet Chess Club"]
[Date "2006.07.30"]
[Round "6"]
[White "EdBorowski"]
[Black "billarvola"]
[Result "1/2-1/2"]
[WhiteElo "2032"]
[BlackElo "1989"]
[TimeControl "2700+45"]

1. d4 d5 2. Nf3 Nf6 3. Bf4 c6 4. c3 Bf5 5. e3 e6 6. Bd3 Bxd3 7. Qxd3 Bd6 8. Bg3
Ne4 9. Nbd2 Nxd2 10. Nxd2 O-O 11. e4 f5 12. exf5 exf5 13. Bxd6 Qxd6 14. O-O Nd7
15. Rfe1 g6 16. Re2 Rfe8 17. Rae1 Nf6 18. Nf3 Rxe2 19. Rxe2 Re8 20. Rxe8+ Nxe8
21. Qe3 Nf6 22. Qe5 Qxe5 23. Nxe5 Kf8 24. f3 Ke7 25. Kf2 Ke6 26. Ke3 g5 27. g3
Nd7 28. f4 g4 29. a4 Nb6 30. b3 Nc8 31. a5 a6 32. Nd3 Nd6 33. Nc5+ Kf6 34. Kd3
h5 35. c4 h4 36. cxd5 hxg3 37. hxg3 cxd5 38. b4 Ke7 39. b5 Nxb5 40. Nxb7 Nc7 41.
Nc5 Kd6 42. Kc3 Kc6 43. Kb4 Kd6 44. Nb7+ Kc6 45. Nd8+ {Game drawn by mutual
agreement} 1/2-1/2  aics%

[Event "Team 45 45 League T31"]
[Site "Internet Chess Club"]
[Date "2006.07.27"]
[Round "6"]
[White "kabindra"]
[Black "Petros-son"]
[Result "0-1"]
[WhiteElo "1810"]
[BlackElo "1812"]
[TimeControl "2700+45"]

1. e4 Nf6 2. e5 Nd5 3. d4 d6 4. c4 Nb6 5. f4 g5 6. Nf3 g4 7. Ng5 h6 8. Ne4 Bf5
9. Ng3 Bxb1 10. Rxb1 h5 11. Nf5 e6 12. Ne3 Bh6 13. c5 dxc5 14. dxc5 Qxd1+ 15.
Nxd1 Nd5 16. g3 Nc6 17. Bb5 Ne7 18. Nf2 a6 19. Ba4 O-O-O 20. Be3 Nxe5 21. fxe5
Bxe3 22. b4 Bxf2+ 23. Kxf2 Rd2+ 24. Ke3 Rxa2 25. Bb3 Nf5+ 26. Kd3 Rd8+ 27. Kc3
Rad2 28. Rbd1 R8d3+ {White resigns} 0-1  aics%

[Event "Team 45 45 League T31"]
[Site "Internet Chess Club"]
[Date "2006.07.29"]
[Round "6"]
[White "rayngrant"]
[Black "narog"]
[Result "0-1"]
[WhiteElo "1640"]
[BlackElo "2027"]
[TimeControl "2700+45"]

1. e4 d5 2. exd5 Qxd5 3. Nc3 Qd6 4. Nf3 Nf6 5. d4 a6 6. Be3 Bg4 7. Be2 Nc6 8.
Qd2 e5 9. O-O-O e4 10. Ng5 Bf5 11. Bc4 Bg6 12. Bf4 Qd7 13. Rhe1 O-O-O 14. d5 Nb8
15. Ngxe4 Nxe4 16. Nxe4 h6 17. d6 cxd6 18. Nxd6+ Bxd6 19. Bxd6 Nc6 20. Qf4 Rhe8
21. Rxe8 Qxe8 22. Bc5 Rxd1+ 23. Kxd1 Ne5 24. Bb6 Qd7+ 25. Kc1 f6 26. Be2 Qc6 27.
Bg4+ Kb8 28. Bf5 Bxf5 29. Qxf5 Qxb6 30. Qh7 Qxf2 {White resigns} 0-1  aics%

[Event "Team 45 45 League T31"]
[Site "Internet Chess Club"]
[Date "2006.07.27"]
[Round "6"]
[White "RingLord"]
[Black "NESKAYA"]
[Result "1-0"]
[WhiteElo "1707"]
[BlackElo "1574"]
[TimeControl "2700+45"]

1. e4 e5 2. Nc3 Nf6 3. Bc4 Bc5 4. d3 h6 5. Na4 Qe7 6. Nxc5 Qxc5 7. c3 a5 8. Be3
Qc6 9. Nf3 d6 10. a4 Qd7 11. h3 O-O 12. Qd2 c6 13. g4 b5 14. axb5 cxb5 15. Bd5
Nxd5 16. exd5 Bb7 17. c4 b4 18. Bxh6 gxh6 19. Qxh6 f6 20. h4 Qxg4 21. Rg1 Qxg1+
22. Nxg1 Rf7 23. O-O-O Nd7 24. Nf3 Rg7 25. h5 Nc5 26. Nh4 Rf8 27. Nf5 Rh7 {Black
resigns} 1-0  aics%

[Event "Team 45 45 League T31"]
[Site "Internet Chess Club"]
[Date "2006.07.30"]
[Round "6"]
[White "mfunk"]
[Black "EyeAm"]
[Result "1/2-1/2"]
[WhiteElo "1620"]
[BlackElo "1286"]
[TimeControl "2700+45"]

1. e4 e5 2. Nf3 Nf6 3. Nxe5 d6 4. Nf3 Nxe4 5. d4 d5 6. Bd3 Be7 7. O-O O-O 8.
Nbd2 Nxd2 9. Bxd2 Bg4 10. h3 Bh5 11. Be2 Nc6 12. c3 Re8 13. Re1 Qd6 14. Qc1 Qd7
15. Bf4 Bd6 16. Ne5 Nxe5 17. dxe5 Bxe2 18. Rxe2 f6 19. Qd2 Bxe5 20. Bxe5 Rxe5
21. Rae1 Rae8 22. Rxe5 Rxe5 23. Rxe5 fxe5 24. Qe3 e4 25. Qxa7 c6 26. Qe3 b5 27.
Qf4 Qe7 28. Kf1 {Game drawn by mutual agreement} 1/2-1/2  aics%

[Event "Team 45 45 League T31"]
[Site "Internet Chess Club"]
[Date "2006.07.29"]
[Round "6"]
[White "Kenzo2"]
[Black "RD1974"]
[Result "1/2-1/2"]
[WhiteElo "1606"]
[BlackElo "1655"]
[TimeControl "2700+45"]

1. c4 e5 2. Nc3 Nc6 3. g3 d6 4. Bg2 Be6 5. b3 Qd7 6. Nd5 Nd8 7. d3 c6 8. Nc3 g6
9. e4 Bg7 10. Be3 Ne7 11. d4 d5 12. cxd5 cxd5 13. dxe5 dxe4 14. Qxd7+ Bxd7 15.
Nxe4 Bxe5 16. Rd1 Bc6 17. Nd6+ Kf8 18. Bxc6 Bxd6 19. Rxd6 Ndxc6 20. Bc5 Kg7 21.
Ba3 Rhe8 22. Kf1 Rad8 23. Rxd8 Rxd8 24. Nf3 Nf5 25. Kg2 Rd7 26. Re1 a6 27. Bb2+
f6 {Game drawn by mutual agreement} 1/2-1/2  aics%

[Event "Team 45 45 League T31"]
[Site "Internet Chess Club"]
[Date "2006.08.01"]
[Round "6"]
[White "clarinetref"]
[Black "Attacktics"]
[Result "1-0"]
[WhiteElo "1526"]
[BlackElo "1339"]
[TimeControl "2700+45"]

1. Nf3 d5 2. c4 e6 3. g3 Nf6 4. Bg2 Nc6 5. b3 Be7 6. e3 O-O 7. Bb2 Bd6 8. O-O e5
9. cxd5 Nxd5 10. d3 Bg4 11. Nbd2 a5 12. a3 b5 13. Qc2 Qd7 14. Nxe5 Nxe5 15. Bxd5
Rac8 16. d4 Ng6 17. Bc6 Qe7 18. Bxb5 Nh4 19. Bd3 Qg5 20. f4 Qh6 21. gxh4 Qxh4
22. Nf3 Qh5 23. Ne5 Bxe5 24. dxe5 Rfd8 25. Bd4 c5 26. Bc3 Rxd3 27. Qxd3 Be2 28.
Qd7 Qg6+ 29. Kf2 {Black resigns} 1-0  aics%

[Event "Team 45 45 League T31"]
[Site "Internet Chess Club"]
[Date "2006.07.31"]
[Round "6"]
[White "vhuffst"]
[Black "Just-Jim"]
[Result "1-0"]
[WhiteElo "1457"]
[BlackElo "1350"]
[TimeControl "2700+45"]

1. e4 e5 2. Nc3 Bc5 3. Nf3 Nc6 4. Bc4 h6 5. O-O d6 6. Nd5 Nge7 7. d3 O-O 8. c3
Nxd5 9. exd5 Na5 10. b4 Nxc4 11. dxc4 Bb6 12. Be3 c5 13. bxc5 Ba5 14. cxd6 Bxc3
15. Rc1 Bb4 16. Nxe5 Bxd6 17. Bf4 Qf6 18. Qd4 Re8 19. Rfe1 Bf5 20. c5 Bxe5 21.
Bxe5 Qg6 22. Qb4 Bh3 23. Bg3 Bf5 24. Qxb7 Rxe1+ 25. Rxe1 Rc8 26. Bd6 Be4 27. f3
Bxf3 28. g3 Rd8 29. Qc7 Qf6 30. Re5 Kh7 31. Qe7 Qg6 32. Kf2 Qd3 33. Qxd8 Bxd5
34. Bb8 Qf3+ 35. Ke1 Bc4 36. Re7 Qf1+ 37. Kd2 Qf2+ 38. Kc3 Qxa2 39. Qd4 Qb3+ 40.
Kd2 Qxb8 41. Qxc4 Qd8+ 42. Qd3+ Qxd3+ 43. Kxd3 a5 44. c6 Kg8 45. Ra7 {Black
resigns} 1-0  aics%

[Event "Team 45 45 League T31"]
[Site "Internet Chess Club"]
[Date "2006.07.29"]
[Round "6"]
[White "NFork"]
[Black "Gregorio"]
[Result "1/2-1/2"]
[WhiteElo "2264"]
[BlackElo "2099"]
[TimeControl "2700+45"]

1. e4 e5 2. Nf3 Nc6 3. d4 exd4 4. Nxd4 Bc5 5. Be3 Qf6 6. c3 Qg6 7. Nd2 Nge7 8.
Nc2 Bxe3 9. Nxe3 O-O 10. f4 f5 11. Bd3 d6 12. O-O Be6 13. Qc2 d5 14. exf5 Nxf5
15. Rae1 Nxe3 16. Rxe3 Bf5 17. Nb3 b6 18. Bxf5 Qxf5 19. Qxf5 Rxf5 20. Re6 Rf6
21. Rxf6 gxf6 22. Rd1 Rd8 23. Kf2 Kf7 24. Kf3 a5 25. Kg4 Rg8+ 26. Kf3 Rd8 27. g3
h5 28. h3 a4 29. Nd4 Nxd4+ 30. Rxd4 b5 31. f5 c6 32. Rh4 Rh8 33. Ke3 c5 34. b3
axb3 35. axb3 Rg8 36. Kf4 Rh8 37. g4 Kg7 38. gxh5 Re8 39. Rg4+ Kh6 40. Rg6+ Kxh5
41. Rxf6 Re4+ 42. Kf3 Kg5 43. Rf8 b4 44. cxb4 Rxb4 45. Kg2 Rxb3 46. h4+ Kxh4 47.
Rg8 c4 48. f6 Rb7 49. Rg7 Rb8 50. Rd7 {Game drawn by mutual agreement} 1/2-1/2 
aics%

[Event "Team 45 45 League T31"]
[Site "Internet Chess Club"]
[Date "2006.07.31"]
[Round "6"]
[White "baumhauer"]
[Black "NoLuckOnlySkill"]
[Result "1-0"]
[WhiteElo "2054"]
[BlackElo "1926"]
[TimeControl "2700+45"]

1. Nf3 Nf6 2. g3 d5 3. Bg2 c5 4. O-O Nc6 5. d4 cxd4 6. Nxd4 e5 7. Nxc6 bxc6 8.
c4 Be7 9. Bg5 Bb7 10. Qb3 Qb6 11. Qc2 O-O 12. Nd2 h6 13. Bxf6 Bxf6 14. e4 Rfd8
15. Rfb1 Bg5 16. Nf3 Bf6 17. c5 Qc7 18. h4 Bc8 19. Nd2 Be6 20. b4 d4 21. Kh2 g5
22. hxg5 hxg5 23. Bh3 g4 24. Bf1 Kg7 25. Kg2 Rh8 26. Bc4 Bxc4 27. Nxc4 Rh3 28.
Nd6 Rah8 29. Rh1 a5 30. Qe2 Rxh1 31. Rxh1 Rxh1 32. Ne8+ {Black resigns} 1-0 
aics%

[Event "Team 45 45 League T31"]
[Site "Internet Chess Club"]
[Date "2006.08.02"]
[Round "6"]
[White "aksuw"]
[Black "Simonside"]
[Result "1/2-1/2"]
[WhiteElo "1915"]
[BlackElo "1960"]
[TimeControl "2700+45"]

1. d4 d5 2. c4 e6 3. cxd5 exd5 4. Nc3 Nf6 5. Bg5 Nbd7 6. e3 h6 7. Bh4 Be7 8. Bd3
c6 9. Qc2 O-O 10. Nf3 Re8 11. O-O-O Ne4 12. Bg3 Nxc3 13. Qxc3 Nf6 14. Ne5 Ne4
15. Qc2 Bf5 16. f3 Nxg3 17. hxg3 Bxd3 18. Qxd3 Bd6 19. f4 Qf6 20. Rh5 Qe6 21.
Rdh1 Bxe5 22. Rxe5 Qg4 23. Rh3 Rxe5 24. dxe5 Re8 25. Kd2 Qe6 26. Rh4 c5 27. g4
g5 28. fxg5 hxg5 29. Rh5 Qxe5 30. Qh7+ Kf8 31. Qh6+ Ke7 32. Qxg5+ Qxg5 33. Rxg5
Ke6 34. e4 Rd8 35. Ke3 d4+ 36. Kd3 b6 37. Rf5 a5 38. g5 Rd6 39. a4 Ke7 40. b3
Rg6 41. e5 Re6 42. Ke4 Kf8 {Game drawn by mutual agreement} 1/2-1/2  aics%

[Event "Team 45 45 League T31"]
[Site "Internet Chess Club"]
[Date "2006.07.27"]
[Round "6"]
[White "room-matt"]
[Black "bahus"]
[Result "1/2-1/2"]
[WhiteElo "1943"]
[BlackElo "1935"]
[TimeControl "2700+45"]

1. e4 e5 2. Nf3 Nf6 3. Nxe5 d6 4. Nf3 Nxe4 5. Nc3 Nxc3 6. dxc3 Be7 7. Be3 Nd7 8.
Qd2 Ne5 9. Nxe5 dxe5 10. O-O-O Qxd2+ 11. Rxd2 Be6 12. c4 Rd8 13. Bd3 f5 14. f3
b6 15. Re1 Kf7 16. a3 c5 17. Rde2 Rd6 18. Bd2 Bf6 19. Bc3 e4 20. fxe4 Bxc3 21.
bxc3 fxe4 22. Rxe4 Re8 23. Rf4+ Kg8 24. h4 Bf7 25. Ref1 Bg6 26. Kd2 Bxd3 27.
cxd3 Red8 28. R1f3 h6 29. g4 a6 30. Re4 a5 31. a4 Kh7 32. g5 hxg5 33. hxg5 Kg6
34. Re7 R8d7 35. Re5 Rd8 36. Ke2 R8d7 37. Rfe3 Rd8 {Game drawn by mutual
agreement} 1/2-1/2  aics%

[Event "Team 45 45 League T31"]
[Site "Internet Chess Club"]
[Date "2006.07.30"]
[Round "6"]
[White "reinaroja"]
[Black "BaroneRosso"]
[Result "1-0"]
[WhiteElo "2156"]
[BlackElo "2080"]
[TimeControl "2700+45"]

1. e4 c5 2. Nf3 Nc6 3. d4 cxd4 4. Nxd4 Nf6 5. Nc3 e5 6. Ndb5 d6 7. Nd5 Nxd5 8.
exd5 Nb8 9. c4 Be7 10. Be3 O-O 11. Qd2 a6 12. Nc3 f5 13. f4 Nd7 14. Be2 Bf6 15.
O-O Qe7 16. Rae1 g6 17. Bd1 b6 18. Ba4 Nc5 19. Bc6 Rb8 20. b4 Nd7 21. Bxd7 Bxd7
22. c5 bxc5 23. bxc5 dxc5 24. d6 Qg7 25. Nd5 exf4 26. Nxf6+ Qxf6 27. Bxc5 Rfe8
28. Qxf4 Bb5 29. Bd4 Qf7 30. Re7 Rxe7 31. dxe7 Re8 32. Qe5 Qxe7 33. Qh8+ Kf7 34.
Qg7+ Ke6 35. Re1+ Kd7 36. Rxe7+ Rxe7 37. Qg8 Kc6 38. a4 Bd3 39. Qb3 Be2 40. Kf2
Kd7 41. Qb7+ Ke8 42. Qxe7+ Kxe7 43. Kxe2 g5 44. Kd3 Kd6 45. Bf6 h6 46. Bg7 h5
47. Bh6 g4 48. Kd4 h4 49. Bg5 h3 50. g3 Ke6 51. Bf4 Kd7 52. Kd5 {Black resigns}
1-0  aics%

[Event "Team 45 45 League T31"]
[Site "Internet Chess Club"]
[Date "2006.07.29"]
[Round "6"]
[White "matein7"]
[Black "MiroslavR"]
[Result "1/2-1/2"]
[WhiteElo "1936"]
[BlackElo "1997"]
[TimeControl "2700+45"]

1. d4 Nf6 2. Nf3 g6 3. c4 Bg7 4. Nc3 O-O 5. e4 d6 6. Be2 e5 7. O-O Nc6 8. d5 Ne7
9. Ne1 Nd7 10. Nd3 f5 11. f3 Nf6 12. c5 f4 13. Bd2 g5 14. Rc1 Ng6 15. cxd6 cxd6
16. Be1 h5 17. Bf2 g4 18. Nb5 Rf7 19. Rxc8 Rxc8 20. fxg4 Nxe4 21. Bxa7 h4 22. g5
Nxg5 23. Bh5 Qf6 24. Qg4 Rd8 25. Bb6 Rdd7 26. Rc1 Kh7 27. Rc8 f3 28. g3 hxg3 29.
hxg3 Bh6 30. Re8 Rg7 31. Be3 Nh3+ 32. Qxh3 Bxe3+ 33. Kf1 Bh6 34. Bg4 Rde7 35.
Rd8 Qg5 36. Bf5 Qd2 37. Nc3 Rc7 38. Rxd6 Rxc3 39. Bxg6+ Rxg6 40. Rd7+ Kh8 41.
Rd8+ Rg8 42. Rxg8+ Kxg8 43. Qe6+ Kh7 44. Qf5+ Kh8 45. Qxe5+ Bg7 46. Qe8+ Kh7 47.
Qe4+ Kg8 48. Qe8+ Kh7 49. Qe4+ Kg8 50. Qe8+ Kh7 {Game drawn by repetition}
1/2-1/2  aics%

[Event "Team 45 45 League T31"]
[Site "Internet Chess Club"]
[Date "2006.07.28"]
[Round "6"]
[White "ikalel"]
[Black "rayonline53"]
[Result "1-0"]
[WhiteElo "1870"]
[BlackElo "1564"]
[TimeControl "2700+45"]

1. e4 e5 2. Nc3 Bc5 3. Bc4 d6 4. f4 Nc6 5. d3 Bxg1 6. Rxg1 Qh4+ 7. g3 Qxh2 8.
Be3 Bd7 9. Qf3 Qxc2 10. Rg2 Nb4 11. Rxc2 Nxc2+ 12. Kd2 Nxa1 13. fxe5 Be6 14.
Bxe6 fxe6 15. exd6 cxd6 16. Qh5+ Ke7 17. Qg5+ Kf7 18. Kc1 Nf6 19. Kb1 Nb3 20.
axb3 a6 21. e5 dxe5 22. Qxe5 Rac8 23. g4 h6 24. Bd4 Rhg8 25. Ne2 Nd5 26. Nf4
Nxf4 27. Qxf4+ Ke7 28. Bc5+ Kd7 29. Qd6+ {Black resigns} 1-0  aics%

[Event "Team 45 45 League T31"]
[Site "Internet Chess Club"]
[Date "2006.08.01"]
[Round "6"]
[White "guyd52"]
[Black "Mississippian"]
[Result "0-1"]
[WhiteElo "1332"]
[BlackElo "1386"]
[TimeControl "2700+45"]

1. Nf3 g6 2. g3 Bg7 3. Bg2 d6 4. d3 e5 5. O-O Nc6 6. Nbd2 Nge7 7. e4 O-O 8. a3
Bg4 9. b4 Qd7 10. Bb2 d5 11. c3 d4 12. cxd4 Nxd4 13. Qe1 Nc2 {White resigns} 0-1
 aics%

[Event "Team 45 45 League T31"]
[Site "Internet Chess Club"]
[Date "2006.07.31"]
[Round "6"]
[White "moreffee"]
[Black "Conjurer"]
[Result "1-0"]
[WhiteElo "1395"]
[BlackElo "1313"]
[TimeControl "2700+45"]

1. e4 c5 2. d4 cxd4 3. c3 dxc3 4. Nxc3 Nf6 5. Nf3 d6 6. Bc4 Nbd7 7. O-O e6 8.
Bg5 a6 9. Qe2 b5 10. Bb3 Bb7 11. Rfd1 Nc5 12. e5 Qb6 13. exf6 gxf6 14. Bxf6 Rg8
15. g3 Nd7 16. Bd4 Qd8 17. Bd5 Bxd5 18. Nxd5 Be7 19. Nb4 Bf6 20. Bxf6 Qxf6 21.
Rxd6 Qf4 22. Rd4 Qf5 23. Rad1 Ra7 24. Nc6 Rc7 25. Nce5 Rc2 26. Qd3 Qxd3 27.
R4xd3 Nf6 28. Rd8+ Ke7 29. Rxg8 Nxg8 30. Rd7+ Ke8 31. Ra7 Nf6 32. Rxa6 Ne4 33.
Ra8+ Ke7 34. Ra7+ Kf6 35. Rxf7# {Black checkmated} 1-0  aics%

[Event "Team 45 45 League T31"]
[Site "Internet Chess Club"]
[Date "2006.07.28"]
[Round "6"]
[White "Havoc"]
[Black "wekabird"]
[Result "0-1"]
[WhiteElo "1453"]
[BlackElo "1235"]
[TimeControl "2700+45"]

1. e4 c6 2. d4 d5 3. exd5 cxd5 4. Bd3 Nd7 5. Nf3 Ngf6 6. O-O e6 7. c4 dxc4 8.
Bxc4 Be7 9. Re1 O-O 10. Nc3 Nb6 11. Bb3 Bb4 12. Re2 Bxc3 13. bxc3 Re8 14. Qd3 a5
15. Bc2 Nbd7 16. Ne5 b5 17. Re3 b4 18. cxb4 axb4 19. a3 Ba6 20. Qd2 Bb7 21. Rg3
Be4 22. Bd1 Qb6 23. Qh6 Bg6 24. Qh4 Rec8 25. Bg5 b3 26. Rxb3 Qa5 27. Nxg6 Qe1#
{White checkmated} 0-1  aics%

[Event "Team 45 45 League T31"]
[Site "Internet Chess Club"]
[Date "2006.07.29"]
[Round "6"]
[White "Riddari"]
[Black "WilmaP"]
[Result "0-1"]
[WhiteElo "1133"]
[BlackElo "1191"]
[TimeControl "2700+45"]

1. e4 c5 2. Nf3 e6 3. d4 cxd4 4. Nxd4 a6 5. Bd3 Nf6 6. O-O d6 7. Bg5 Be7 8. Nf3
O-O 9. Nc3 Nbd7 10. Re1 Qc7 11. Nd4 Qb6 12. Nb3 Ne5 13. Kh1 Qxf2 14. Be3 Qh4 15.
g3 Qg4 16. Qxg4 Nfxg4 17. Bf4 Nxd3 18. cxd3 Nf2+ 19. Kg2 Nxd3 20. Re2 Nxf4+ 21.
gxf4 b6 22. Nd4 Bb7 23. Kg1 Rac8 24. e5 d5 25. f5 exf5 26. Nxf5 Bc5+ 27. Kf1 d4
28. Na4 d3 29. Rd2 Rfd8 30. Nxc5 Rxc5 31. Re1 Rc6 32. Ne7+ Kf8 33. Nxc6 Bxc6 34.
Re3 Bb5 35. b3 f6 36. a4 Bc6 37. exf6 gxf6 38. Rdxd3 Rxd3 39. Rxd3 b5 40. Rd6
Be8 41. Rxf6+ Ke7 42. Rxa6 h5 43. axb5 Bxb5+ 44. Ke1 Bxa6 45. Kd2 Kd6 46. Kc3
Kc6 47. Kb4 Kb6 48. Kc3 Bf1 49. b4 Kb5 50. Kd2 Kxb4 51. Ke3 Kc5 52. Kf2 Bb5 53.
Kg3 Be8 54. Kh4 Kd4 55. Kh3 Ke3 56. Kh4 Kf2 57. h3 Kg2 58. Kg5 Kxh3 {White
resigns} 0-1  aics%

[Event "Team 45 45 League T31"]
[Site "Internet Chess Club"]
[Date "2006.07.28"]
[Round "6"]
[White "Mutaant"]
[Black "rgadoury"]
[Result "1-0"]
[WhiteElo "1434"]
[BlackElo "1372"]
[TimeControl "2700+45"]

1. e4 e5 2. Nf3 Nc6 3. Bb5 d6 4. Bxc6+ bxc6 5. Nc3 Nf6 6. d3 Be7 7. Bg5 h6 8.
Be3 Bd7 9. h3 c5 10. b3 a6 11. O-O O-O 12. a4 Bc6 13. Ne2 Nd7 14. Ng3 Bg5 15.
Nxg5 hxg5 16. Qh5 f6 17. Nf5 Rf7 18. Qg6 Nf8 19. Nh6+ {Black resigns} 1-0  aics%

[Event "Team 45 45 League T31"]
[Site "Internet Chess Club"]
[Date "2006.07.30"]
[Round "6"]
[White "juanhernandez"]
[Black "JimGaming"]
[Result "0-1"]
[WhiteElo "1389"]
[BlackElo "1322"]
[TimeControl "2700+45"]

1. Nf3 d5 2. c4 e6 3. e3 Nf6 4. Be2 c6 5. O-O Be7 6. b3 O-O 7. Bb2 Nbd7 8. Qc2
a6 9. Ng5 b5 10. Bxf6 Nxf6 11. d3 h6 12. Nf3 Bb7 13. d4 dxc4 14. bxc4 b4 15. c5
a5 16. a3 Ba6 17. Bxa6 Rxa6 18. axb4 a4 19. Rxa4 Rxa4 20. Qxa4 Qc7 21. Ne5 Rc8
22. f3 Nd5 23. e4 Nf4 24. Re1 Bf6 25. Ng4 Bxd4+ 26. Kh1 e5 27. Qb3 h5 28. Ne3
Bxe3 29. Qxe3 h4 30. Na3 Qd7 31. Nc2 Rd8 32. h3 Qd2 33. Qxd2 Rxd2 34. Ne3 Nd3
35. Rd1 Nf2+ {White resigns} 0-1  aics%

[Event "Team 45 45 League T31"]
[Site "Internet Chess Club"]
[Date "2006.07.30"]
[Round "6"]
[White "Cataclysm"]
[Black "thalamus"]
[Result "1/2-1/2"]
[WhiteElo "1229"]
[BlackElo "1160"]
[TimeControl "2700+45"]

1. e4 e5 2. Nf3 Nc6 3. Bb5 a6 4. Ba4 Nf6 5. O-O Be7 6. Re1 b5 7. Bb3 d6 8. c3
Na5 9. Bc2 c5 10. d4 Nd7 11. dxe5 dxe5 12. Nxe5 Nxe5 13. Qd5 Nac6 14. Bf4 Be6
15. Qxd8+ Rxd8 16. Rd1 O-O 17. Nd2 Rd7 18. Nb3 Bd6 19. Bxe5 Nxe5 20. Na5 Rfd8
21. f4 Bg4 22. Rd2 Nc4 23. Nxc4 bxc4 24. e5 Bxe5 25. Rxd7 Rxd7 26. fxe5 Rd5 27.
Re1 Rd2 28. Be4 Rxb2 29. Bd5 Rxa2 30. e6 fxe6 31. Bxe6+ Bxe6 32. Rxe6 Rc2 33.
Rxa6 Rxc3 34. Rc6 Rc1+ 35. Kf2 c3 36. Ke2 Rc2+ 37. Kf3 Rd2 38. Ke3 Kf7 39. Rxc5
Ke6 40. Rxc3 Rxg2 41. Rc7 Kf5 42. Kf3 Rg4 43. h3 Rg6 44. Rc5+ Kf6 45. Kf4 h6 46.
h4 Kf7 47. h5 Rf6+ 48. Rf5 g6 49. hxg6+ Kxg6 50. Rxf6+ Kxf6 51. Kg4 Kf7 52. Kh5
Kg7 53. Kh4 Kg6 54. Kh3 Kh5 55. Kh2 Kg4 56. Kg2 h5 57. Kh2 h4 58. Kg2 h3+ 59.
Kh2 Kh4 60. Kh1 Kg3 61. Kg1 h2+ 62. Kh1 Kh3 {White stalemated} 1/2-1/2  aics%

[Event "Team 45 45 League T31"]
[Site "Internet Chess Club"]
[Date "2006.07.30"]
[Round "6"]
[White "Cotesita"]
[Black "Avedldesierto"]
[Result "0-1"]
[WhiteElo "1548"]
[BlackElo "1765"]
[TimeControl "2700+45"]

1. d4 Nf6 2. c4 e5 3. dxe5 Ng4 4. Nc3 Bc5 5. e3 Nxe5 6. Qh5 d6 7. Be2 Nbc6 8. f4
Ng6 9. Nf3 Be6 10. f5 Bb4 11. O-O Bxc3 12. bxc3 Qf6 13. fxe6 Qxe6 14. Ng5 Qe5
15. Bd2 Rf8 16. Qg4 h5 17. Qe4 h4 18. Bh5 Qxe4 19. Nxe4 Nge5 20. Be2 f6 21. Be1
Rh8 22. c5 d5 23. Nd2 Ke7 24. Nb3 Nd7 25. Bf3 Nce5 26. Bxd5 c6 27. Be4 Nc4 28.
Bf2 Nde5 29. h3 g5 30. Bf5 g4 31. hxg4 Rag8 32. Nd4 Rg7 33. Be6 Rg5 34. Bxc4
Nxc4 35. Nf5+ Ke6 36. Bxh4 Rxg4 37. Nd4+ Rxd4 38. exd4 Rxh4 39. Rae1+ Kf7 40.
Re2 b6 41. cxb6 Nxb6 42. Rfe1 Nd5 43. c4 Nc3 44. Re7+ Kg6 45. Rd7 Nxa2 46. Ra1
Nc3 47. Raxa7 Ne2+ 48. Kf2 Nxd4 49. Rg7+ Kf5 50. Ra5+ Ke4 51. g3 Rh2+ 52. Kf1
Kd3 53. Rd7 Rc2 54. Ra3+ Rc3 55. Rxc3+ Kxc3 56. Rf7 f5 57. Kf2 Kxc4 58. Ke3 c5
59. Kd2 Nf3+ 60. Kc2 Kb4 61. Kb2 Nd4 62. Rb7+ Kc4 63. Rf7 Kd3 {White resigns}
0-1  aics%

[Event "Team 45 45 League T31"]
[Site "Internet Chess Club"]
[Date "2006.07.30"]
[Round "6"]
[White "kamu"]
[Black "AntonioMendonca"]
[Result "1/2-1/2"]
[WhiteElo "1650"]
[BlackElo "1564"]
[TimeControl "2700+45"]

1. d4 Nf6 2. c4 d6 3. g3 Nc6 4. Bg2 Bd7 5. e4 e5 6. Ne2 exd4 7. Nxd4 g6 8. O-O
Bg7 9. Nxc6 Bxc6 10. Nc3 O-O 11. Nd5 Re8 12. Qc2 Nd7 13. Be3 Ne5 14. Bd4 Nf3+
15. Bxf3 Bxd4 16. Qd3 Bxb2 17. Rad1 Bg7 18. Rfe1 Qd7 19. Nc3 a6 20. c5 Rad8 21.
cxd6 Qxd6 22. Qxd6 Rxd6 23. Rxd6 cxd6 24. Rc1 f5 25. Be2 Bxc3 26. Rxc3 Bxe4 27.
Bc4+ Kf8 28. Rb3 b5 29. Bf1 Bd5 30. Rd3 Bxa2 31. Rxd6 Bc4 32. Bxc4 bxc4 33. Rxa6
Rc8 34. Kf1 c3 35. Ra1 Ke7 36. Ke2 g5 37. Kd3 g4 38. Rc1 Kf6 39. Rxc3 Rxc3+ 40.
Kxc3 Ke5 41. Kd3 f4 42. gxf4+ Kxf4 43. Ke2 Ke4 44. Kf1 Kf3 45. Kg1 h5 46. Kf1 h4
47. Kg1 Ke2 48. Kg2 Kd3 49. f3 gxf3+ 50. Kxf3 Kd4 51. Kg4 Ke5 52. Kxh4 Kf6 53.
Kh5 Kg7 54. h4 Kh7 55. Kg5 Kg7 56. h5 Kh7 {Game drawn by mutual agreement}
1/2-1/2  aics%

[Event "Team 45 45 League T31"]
[Site "Internet Chess Club"]
[Date "2006.07.29"]
[Round "6"]
[White "peterdiplaros"]
[Black "stakastra"]
[Result "0-1"]
[WhiteElo "1459"]
[BlackElo "1570"]
[TimeControl "2700+45"]

1. d4 d5 2. Bf4 Nf6 3. Nf3 e6 4. Nbd2 Nc6 5. c3 Bd6 6. Bg3 O-O 7. Qc2 h6 8. e3
Re8 9. Ne5 Nh7 10. Bd3 f5 11. O-O-O Nxe5 12. Bxe5 Bxe5 13. dxe5 Qg5 14. f4 Qg6
15. Nf3 Bd7 16. h3 a5 17. Rdg1 Bc6 18. Nd4 Qg3 19. Nxe6 Rxe6 20. Bxf5 Qxe3+ 21.
Kb1 Re7 22. Bxh7+ Kf8 23. Re1 Qg3 24. Rhf1 Bb5 25. Rg1 Ra6 26. Qb3 Bc4 27. Qc2
g6 28. Bxg6 Rxg6 29. f5 Bd3 30. fxg6 Bxc2+ 31. Kxc2 Qxg6+ 32. Kc1 Qg5+ 33. Kc2
Rxe5 34. Rgf1+ Ke7 35. Rd1 c6 36. g4 Re2+ 37. Kb3 Qe3 38. a4 Qb6+ {White
resigns} 0-1  aics%

[Event "Team 45 45 League T31"]
[Site "Internet Chess Club"]
[Date "2006.07.29"]
[Round "6"]
[White "pflotus"]
[Black "Tomate"]
[Result "0-1"]
[WhiteElo "1467"]
[BlackElo "1470"]
[TimeControl "2700+45"]

1. d4 Nf6 2. c4 g6 3. Nc3 Bg7 4. e4 d6 5. f4 O-O 6. Nf3 Bg4 7. Be2 Bxf3 8. Bxf3
Nc6 9. d5 Na5 10. Qe2 c6 11. b4 cxd5 12. bxa5 dxe4 13. Bxe4 Nxe4 14. Nxe4 Bxa1
15. O-O Bg7 16. f5 Qxa5 17. fxg6 fxg6 18. Ng5 Rxf1+ 19. Qxf1 Rf8 20. Qd3 Qe1+
{White resigns} 0-1  aics%

[Event "Team 45 45 League T31"]
[Site "Internet Chess Club"]
[Date "2006.07.31"]
[Round "6"]
[White "parrot9"]
[Black "pokerram"]
[Result "0-1"]
[WhiteElo "1695"]
[BlackElo "1686"]
[TimeControl "2700+45"]

1. e4 c5 2. Nf3 d6 3. d4 cxd4 4. Nxd4 Nf6 5. Nc3 a6 6. f3 e5 7. Nb3 Be6 8. Bg5
Be7 9. Qd2 Nbd7 10. O-O-O O-O 11. h4 b5 12. g4 b4 13. Nd5 Bxd5 14. exd5 a5 15.
Qh2 a4 16. Nd2 Nxd5 17. Ne4 N7f6 18. Bd3 Rc8 19. Nxf6+ Nxf6 20. Bxf6 Bxf6 21. g5
Be7 22. f4 exf4 23. Qxf4 b3 24. Qe4 g6 25. axb3 axb3 26. c3 Re8 27. Qg4 Qa5 28.
Bc4 Qa1+ 29. Kd2 Qxb2+ 30. Kd3 Qc2+ 31. Kd4 Qf2+ 32. Kd3 Qc2+ 33. Kd4 d5 34. Rc1
Qd2+ 35. Bd3 Rc4+ {White resigns} 0-1  aics%

[Event "Team 45 45 League T31"]
[Site "Internet Chess Club"]
[Date "2006.07.30"]
[Round "6"]
[White "Zzasrix"]
[Black "smitty120"]
[Result "1/2-1/2"]
[WhiteElo "1559"]
[BlackElo "1789"]
[TimeControl "2700+45"]

1. c4 f5 2. d4 Nf6 3. Nc3 d6 4. Bg5 g6 5. Bxf6 exf6 6. f4 Be6 7. Qb3 b6 8. g3
Bd7 9. Bg2 Nc6 10. Bxc6 Bxc6 11. d5 Bd7 12. Nf3 c5 13. dxc6 Bxc6 14. Nd5 Be7 15.
Nd4 Bd7 16. Qe3 Kf7 17. O-O-O Rc8 18. Kb1 Re8 19. Qd3 Bf8 20. h4 h5 21. Rc1 a6
22. Rc2 b5 23. Rhc1 bxc4 24. Rxc4 Rxc4 25. Rxc4 Qa5 26. Rc7 Qe1+ 27. Kc2 Rc8 28.
Rxc8 Bxc8 29. Nf3 Qa5 30. Qb3 Qc5+ 31. Nc3+ Kg7 32. Kd1 Qc6 33. Kd2 Qc5 34. Qd5
Qxd5+ 35. Nxd5 Bb7 36. Nc7 Kf7 37. Kd3 Be7 38. Kd4 Bd8 39. Nd5 Ke6 40. Nc3 Bb6+
41. Kc4 d5+ 42. Kd3 Bf2 43. e3 d4 44. Nxd4+ Kd6 45. Nce2 Be1 46. a3 Be4+ 47. Kc4
Bd2 48. b4 Bxe3 49. a4 g5 50. b5 a5 51. Nb3 gxh4 52. gxh4 Bf3 53. Ned4 Bd5+ 54.
Kd3 Bxf4 55. Nxa5 Be4+ 56. Ke2 Kd5 57. Nac6 Kd6 58. a5 Be5 59. Ke3 {Game drawn
by mutual agreement} 1/2-1/2  aics% 



simun(71): latin
aics%